 Dungeon Crawl Stone Soup version 0.17-a0-1564-g7b572aa (webtiles) character file.

7889 urechis the Grappler (level 11, -1/97 HPs)
             Began as a Troll Monk on July 21, 2015.
             Was a High Priest of Ru.
             Slain by a red ugly thing (7 damage)
             ... on level 11 of the Dungeon.
             The game lasted 00:18:51 (8119 turns).

urechis the Grappler (Troll Monk)                   Turns: 8119, Time: 00:18:51

Health: -1/97      AC: 11    Str: 24    XL:     11   Next: 2%
Magic:  10/10      EV:  8    Int:  6    God:    Ru [*****.]
Gold:   412        SH:  0    Dex: 15    Spells: 0 memorised, 10 levels left

rFire  + . .     SeeInvis .       - Unarmed
rCold  + . .     Clarity  .     r - +0 mottled dragon armour
rNeg   + . .     SustAt   .     (no shield)
rPois  +         Gourm    +     (helmet restricted)
rElec  +         Spirit   .     K - +0 cloak
rCorr  +         Warding  .     (gloves unavailable)
rMut   .         Stasis   .     (boots unavailable)
MR     .....                    (no amulet)
Stlth  +.........               w - +3 ring of dexterity
                                l - ring of positive energy

@: resistant, not resistant to hostile enchantments, very unstealthy
A: unfitting armour, claws 3, fast metabolism 3, gourmand, regeneration 2,
shaggy fur 1, tough skin 2, inability to use devices, hated by all, inability to
train dodging, no conjurations magic, no necromancy magic, no poison magic
a: Draw Out Power, Power Leap, Apocalypse, Renounce Religion


You were on level 11 of the Dungeon.
You worshipped Ru.
Ru was extremely pleased with you.
You were full.

You visited 1 branch of the dungeon, and saw 11 of its levels.

You collected 412 gold pieces.

Inventory:

Hand weapons
 a - a +0 blowgun
Missiles
 g - 5 large rocks (quivered)
 z - 2 javelins
 D - 29 poisoned needles
 E - a throwing net
Armour
 r - a +0 mottled dragon armour (worn)
 K - a +0 cloak (worn)
Jewellery
 l - a ring of positive energy (left claw)
 w - a +3 ring of dexterity (right claw)
Scrolls
 c - 3 scrolls of blinking {unknown}
 j - a scroll of enchant weapon {unknown}
 k - 7 scrolls of teleportation {unknown}
 m - 4 scrolls of fear {unknown}
 o - 2 scrolls of magic mapping {unknown}
 p - 6 scrolls of recharging {unknown}
 s - 3 scrolls of amnesia {unknown}
 t - 2 scrolls of immolation {unknown}
 y - a scroll of random uselessness {unknown}
 A - 2 scrolls of enchant armour {unknown}
 F - 7 scrolls of identify {unknown}
 G - 2 scrolls of remove curse {unknown}
 J - a scroll of vulnerability {unknown}
Potions
 e - 2 potions of resistance
 f - 3 potions of heal wounds {unknown}
 h - a potion of haste {unknown}
 i - a potion of agility {unknown}
 n - 3 potions of curing {unknown}
 q - a potion of brilliance {unknown}
 u - a potion of beneficial mutation {unknown}
 v - a potion of degeneration {unknown}
 x - a potion of cure mutation {unknown}
 B - a potion of berserk rage {unknown}
 C - a potion of ambrosia {unknown}
 H - 2 potions of mutation {unknown}
 N - 2 potions of might {unknown}
 O - a potion of poison {unknown}
Comestibles
 b - 8 bread rations
 d - 4 beef jerkies
 I - 4 fruits
 L - 3 meat rations
 M - a slice of pizza


   Skills:
 - Level 3.2 Fighting
 + Level 7.6 Throwing
 - Level 6.0 Armour
 - Level 1.1 Stealth
 + Level 12.9 Unarmed Combat


You had 10 spell levels left.
You didn't know any spells.

Dungeon Overview and Level Annotations

Branches:
Dungeon (11/15)            Temple (0/1) D:5            Lair (0/8) D:10
    Orc (0/4) D:9

Altars:
Dithmenos
Gozag
Ru
Yredelemnul


Innate Abilities, Weirdness & Mutations

You are too large for most types of armour.
You have claws for hands.
Your metabolism is lightning-fast.
You like to eat raw meat.
You heal very quickly.
You are covered in fur (AC +1).
You have very tough skin (AC +2).
You cannot study or use magical devices.
You are hated by all.
You cannot train Dodging skill.
You cannot study or cast Conjurations magic.
You cannot study or cast Necromancy magic.
You cannot study or cast Poison magic.


Message History

The cyclops throws a large rock.
The large rock hits the cyclops!!!
The red ugly thing is no longer moving slowly.
The red ugly thing is no longer bleeding.
The red ugly thing is stunned by your will and fails to attack.
The red ugly thing trunk-slaps you.
* * * LOW HITPOINT WARNING * * *
You are engulfed in flames!
* * * LOW HITPOINT WARNING * * *
You focus your will and blind the red ugly thing in retribution!
The red ugly thing is no longer blind.
The red ugly thing trunk-slaps you!
* * * LOW HITPOINT WARNING * * *
You are engulfed in flames!
* * * LOW HITPOINT WARNING * * *
You focus your will and blind the red ugly thing in retribution!
Drink which item? (? for menu, Esc to quit)
It was a potion of resistance.
You feel protected. The red ugly thing trunk-slaps you!
You die...

.................................
..........#######................
..........# #................
..........# #....##...###...#
######....# #....##...# #...#
######....#######....##...# #....
.....................##...###...>
.....................##..........
................@u...............
.........######+#############....
.........# #.... .........# #....
.........# #..## .........# #..#
.........# #... .........# ...
.........#


You could see a red ugly thing (blind).

Vanquished Creatures
  Erica (D:10)
  An unseen horror (D:10)
  A black mamba (D:10)
  Psyche (D:9)
  A troll (D:9)
  Grinder (D:3)
  A two-headed ogre (D:10)
  A shadow (D:11)
  A wyvern (D:11)
  A wraith (D:11)
  A deep elf mage (D:9)
  2 hungry ghosts (D:7)
  2 sky beasts
  3 ice beasts
  2 black bears
  5 ogres
  A phantom (D:7)
  4 centaurs
  3 orc warriors
  4 big kobolds
  6 giant frogs
  A scorpion (D:5)
  A water moccasin skeleton (D:8)
  7 wights (D:9)
  5 killer bees (D:10)
  An oklob sapling (D:5)
  A crimson imp (D:9)
  3 orc priests
  12 orc wizards
  A centaur zombie (D:8)
  2 jellies
  A giant frog skeleton (D:7)
  3 hounds
  2 iguanas
  Jessica (D:3)
  Natasha (thrice) (D:3)
  6 worker ants
  2 hound skeletons
  A hound zombie (D:10)
  Robin (D:3)
  15 adders
  2 shadow imps (D:9)
  2 worms
  An adder skeleton (D:9)
  3 giant geckos
  37 orcs
  A bat skeleton (D:8)
  2 giant cockroaches
  13 goblins
  20 hobgoblins
  3 jackals (D:3)
  4 quokkas
  14 bats
  6 giant newts
  37 kobolds
  2 quokka skeletons
  21 rats
  3 plants (D:5)
283 creatures vanquished.

Vanquished Creatures (others)
  A hill giant (D:11)
  An adder zombie (D:6)
  A kobold (D:9)
  5 toadstools (D:1)
8 creatures vanquished.

Grand Total: 291 creatures vanquished

Notes
Turn   | Place    | Note
--------------------------------------------------------------
     0 | D:1      | urechis the Troll Monk began the quest for the Orb.
     0 | D:1      | Reached XP level 1. HP: 22/22 MP: 0/0
   138 | D:1      | Reached XP level 2. HP: 29/29 MP: 1/1
   635 | D:2      | Reached XP level 3. HP: 28/36 MP: 2/2
   844 | D:2      | Found an opulent altar of Gozag.
  1087 | D:2      | Reached XP level 4. HP: 36/45 MP: 3/3
  1217 | D:2      | Reached skill level 5 in Unarmed Combat
  1285 | D:3      | Noticed Grinder
  1285 | D:3      | Noticed Natasha
  1294 | D:3      | Killed Grinder
  1294 | D:3      | Reached skill level 6 in Unarmed Combat
  1294 | D:3      | Reached XP level 5. HP: 22/53 MP: 4/4
  1294 | D:3      | Reached XP level 6. HP: 25/61 MP: 5/5
  1297 | D:3      | Killed Natasha
  1298 | D:3      | Reached skill level 7 in Unarmed Combat
  1453 | D:3      | Noticed Jessica
  1455 | D:3      | Noticed Natasha
  1456 | D:3      | Noticed Robin
  1460 | D:3      | Killed Jessica
  1474 | D:3      | Killed Robin
  1491 | D:3      | Killed Natasha
  1631 | D:3      | Reached skill level 1 in Armour
  2266 | D:3      | Found a shadowy altar of Dithmenos.
  2383 | D:3      | Noticed Natasha
  2390 | D:3      | Killed Natasha
  2604 | D:4      | Reached XP level 7. HP: 67/67 MP: 6/6
  2874 | D:4      | Found a sacrificial altar of Ru.
  2889 | D:4      | Found a basalt altar of Yredelemnul.
  2891 | D:4      | Became a worshipper of Ru the Awakened
  2895 | D:4      | Gained mutation: You cannot study or use magical devices. [Ru sacrifice]
  2895 | D:4      | Acquired Ru's first power
  2895 | D:4      | Acquired Ru's second power
  2895 | D:4      | Acquired Ru's third power
  3041 | D:5      | Entered Level 5 of the Dungeon
  3067 | D:5      | Reached skill level 8 in Unarmed Combat
  3218 | D:5      | Found a staircase to the Ecumenical Temple.
  3671 | D:6      | Reached XP level 8. HP: 59/75 MP: 7/7
  3932 | D:6      | Reached skill level 9 in Unarmed Combat
  4389 | D:7      | Reached skill level 5 in Armour
  4435 | D:7      | Gained mutation: You are hated by all. [Ru sacrifice]
  4509 | D:7      | Reached skill level 10 in Unarmed Combat
  4509 | D:7      | Reached XP level 9. HP: 83/83 MP: 8/8
  4909 | D:7      | Reached skill level 1 in Throwing
  5783 | D:9      | Reached skill level 11 in Unarmed Combat
  5880 | D:9      | Gained mutation: You cannot train Dodging skill. [Ru sacrifice]
  5880 | D:9      | Acquired Ru's fourth power
  5880 | D:9      | Acquired Ru's fifth power
  6070 | D:9      | Noticed Psyche
  6078 | D:9      | Killed Psyche
  6093 | D:9      | Reached XP level 10. HP: 70/91 MP: 9/9
  6186 | D:9      | Found a staircase to the Orcish Mines.
  6254 | D:9      | Reached skill level 5 in Throwing
  6530 | D:10     | Entered Level 10 of the Dungeon
  6861 | D:10     | Noticed Erica
  6866 | D:10     | Killed Erica
  6866 | D:10     | Reached skill level 12 in Unarmed Combat
  7070 | D:10     | Noticed an unseen horror
  7087 | D:10     | Killed an unseen horror
  7351 | D:10     | Gained mutation: You cannot study or cast Poison magic. [Ru sacrifice]
  7351 | D:10     | Gained mutation: You cannot study or cast Necromancy magic. [Ru sacrifice]
  7351 | D:10     | Gained mutation: You cannot study or cast Conjurations magic. [Ru sacrifice]
  7542 | D:10     | Found a staircase to the Lair.
  7556 | D:10     | Noticed a black mamba
  7565 | D:10     | Killed a black mamba
  7806 | D:11     | Noticed a hill giant
  7818 | D:11     | Killed a hill giant
  7993 | D:11     | Reached XP level 11. HP: 89/97 MP: 10/10
  8042 | D:11     | Noticed a red ugly thing
  8046 | D:11     | Noticed a cyclops
  8112 | D:11     | HP: 1/97 [red ugly thing (13)]
  8119 | D:11     | Slain by a red ugly thing

Vault maps used:
D:1:      ldierk_walled_garden
D:2:      overflow_temple_1_default
D:3:      lemuel_doored_altar, uniq_jessica, uniq_robin, uniq_grinder,
          uniq_natasha
D:4:      minitemple, first_bread
D:5:      minmay_temple_entry_oklob
D:7:      kennysheep_flooded_box
D:9:      orc_0_dummy, uniq_psyche
D:10:     lair_0_dummy, uniq_erica
D:11:     lemuel_bear_cage

Action                   |  1- 3 |  4- 6 |  7- 9 | 10-12 || total
-------------------------+-------+-------+-------+-------++-------
Melee: Unarmed           |   108 |   131 |   381 |   215 ||   835
Invok: Sacrifice Artific |       |       |     1 |       ||     1
       Sacrifice Love    |       |       |     1 |       ||     1
       Sacrifice Nimblen |       |       |     1 |       ||     1
       Sacrifice Arcana  |       |       |       |     1 ||     1
  Use: Potion            |       |       |       |     1 ||     1
 Stab: Sleeping          |     6 |     2 |       |       ||     8
       Distracted        |       |       |     1 |     1 ||     2
       Invisible         |       |       |     1 |     4 ||     5
       Paralysed         |       |       |       |     2 ||     2
  Eat: Chunk             |    11 |     9 |    43 |    16 ||    79
